Map: [ESL] Hecate

Players

ByuN

  • Race: Terran Terran
  • Spawn Location: 7:00

Cure - Winner!

  • Race: Terran Terran
  • Spawn Location: 1:00

Event: ESL SC2 Masters 2023 Winter (Finals)

VOD

Have the link to the VOD?

Description

Time

  • Played on: Dec. 16, 2023, 4:30 p.m.
  • Length: 9:04

All games in this series

Show
View Real Time Build Order
Export as new Build Order

ByuN Terran 

Build Orders: Liberator Opening, Reaper Expand 

Get SALT Encoding   

  12  0:00  SCV  
  13  0:13  Supply Depot  
  13  0:18  SCV  
  14  0:35  Barracks  
  14  0:40  SCV  
  15  0:45  Refinery  
  15  0:59  Barracks  
  15  1:04  SCV  
  16  1:16  SCV  
  17  1:28  SCV  
  18  1:47  Orbital Command, Reaper  
  19  2:01  Command Center  
  19  2:11  Factory  
  19  2:14  SCV  
  20  2:24  Reaper  
  20  2:27  SCV, Refinery  
  21  2:39  SCV  
  21  2:40  Supply Depot  
  22  2:51  SCV  
  23  3:00  Starport  
  23  3:02  Hellion  
  23  3:03  SCV  
  26  3:07  Barracks Reactor  
  26  3:14  Orbital Command  
  26  3:16  SCV  
  27  3:24  Cyclone  
  29  3:28  SCV  
  29  3:31  Orbital Command  
  30  3:39  Liberator  
  30  3:41  SCV  
  34  3:52  Supply Depot  
  35  3:56  SCV  
  35  3:57  SCV  
  36  4:04  Cyclone x2  
  36  4:05  Refinery  
  36  4:08  SCV  
  36  4:09  SCV  
  42  4:15  Supply Depot  
  42  4:21  SCV x2  
  42  4:22  Liberator  
  44  4:33  SCV x2  
  44  4:36  Cyclone  
  48  4:40  Cyclone  
  48  4:45  SCV x2  
  52  4:46  Supply Depot  
  52  4:50  Barracks Tech Lab  
  52  4:57  SCV x2  
  51  5:09  SCV x2  
  51  5:14  Cyclone x2  
  52  5:21  SCV x2  
  50  5:33  SCV x2  
  52  5:39  Liberator  
  55  5:45  SCV x2  
  55  5:46  Cyclone x2  
  55  5:49  Marine  
  58  5:55  Stimpack  
  59  5:57  Barracks, SCV  
  59  5:58  Barracks, SCV  
  61  6:07  Marine  
  61  6:09  SCV  
  61  6:10  SCV, Engineering Bay  
  64  6:11  Supply Depot  
  64  6:22  SCV x2  
  65  6:30  Cyclone x2  
  65  6:31  Starport Reactor  
  62  6:34  SCV x2  
  62  6:39  Terran Infantry Weapons Level 1  
  64  6:45  Bunker, Marine  
  64  6:46  SCV x2  
  66  6:53  Engineering Bay  
  66  6:58  SCV x2  
  65  7:02  Marine  
  66  7:10  Cyclone x2, SCV x2  
  66  7:15  Supply Depot  
  72  7:16  Supply Depot  
  72  7:17  Starport Reactor  
  72  7:20  Marine  
  72  7:22  SCV  
  74  7:25  Barracks  
  74  7:26  Barracks  
  74  7:28  SCV  
  75  7:32  Refinery  
  75  7:34  SCV, Marine x2  
  78  7:37  Combat Shield  
  78  7:38  Marine  
  79  7:50  Factory Tech Lab  
  78  7:53  Marine x2  
  78  7:54  SCV x2  
  78  7:56  Command Center, Marine  
  80  8:03  Marine x2  
  80  8:04  Medivac x2  
  86  8:11  Marine x2  
  86  8:12  Siege Tank  
  91  8:16  Marine  
  91  8:19  Barracks Reactor x2  
  92  8:21  Marine x2  
  91  8:28  Marine  
  91  8:29  Supply Depot, Marine  
  91  8:33  Supply Depot  
  93  8:34  Marine, Supply Depot  
  93  8:41  Marine  
  93  8:42  Marine  
  93  8:46  Marine x2  
Show
View Real Time Build Order
Export as new Build Order

Cure Terran - Winner!

Build Orders:  

Get SALT Encoding   

  12  0:00  SCV  
  13  0:12  SCV  
  14  0:17  Supply Depot  
  14  0:24  SCV  
  15  0:38  SCV  
  15  0:39  Barracks  
  16  0:44  Refinery  
  16  0:50  SCV  
  16  0:55  Refinery  
  17  1:03  SCV  
  18  1:15  SCV  
  19  1:26  Reaper  
  19  1:27  Orbital Command  
  20  1:37  Supply Depot  
  20  1:51  Factory  
  20  1:54  SCV  
  20  1:58  Reaper  
  22  2:06  SCV  
  23  2:18  SCV  
  24  2:36  SCV  
  24  2:39  Command Center  
  24  2:43  Hellion  
  26  2:44  Starport  
  26  2:47  Barracks Reactor  
  26  2:48  SCV  
  27  2:56  Supply Depot  
  27  3:00  SCV  
  28  3:12  SCV  
  29  3:24  SCV  
  29  3:26  Cyclone x2, Medivac  
  36  3:31  Barracks Tech Lab, Refinery  
  36  3:36  SCV  
  37  3:48  SCV  
  37  3:52  Orbital Command  
  38  3:58  Cyclone x2  
  38  4:00  SCV  
  43  4:11  Supply Depot  
  43  4:12  Raven  
  43  4:13  SCV  
  46  4:18  Interference Matrix, SCV  
  47  4:31  SCV x2  
  49  4:32  Cyclone  
  49  4:33  Cyclone  
  53  4:40  Barracks Tech Lab  
  53  4:41  Supply Depot  
  53  4:43  SCV x2  
  55  4:55  Command Center  
  55  4:59  SCV x2  
  57  5:05  Cyclone x2  
  61  5:11  Raven  
  61  5:15  SCV x2  
  56  5:28  SCV x2  
  55  5:37  Cyclone x2  
  55  5:40  SCV  
  55  5:41  SCV  
  61  5:43  Marine  
  61  5:48  Raven  
  64  5:50  Refinery  
  64  5:51  Stimpack  
  64  5:53  SCV x2  
  66  6:05  SCV x2  
  66  6:07  Orbital Command  
  66  6:08  Marine  
  69  6:12  Barracks  
  69  6:14  Cyclone  
  69  6:15  Barracks  
  69  6:16  Cyclone  
  73  6:18  SCV  
  73  6:19  SCV  
  73  6:26  Marine  
  73  6:31  SCV x2  
  75  6:36  SCV  
  75  6:43  SCV  
  75  6:44  Marine  
  79  6:48  SCV  
  79  6:49  Starport Reactor, SCV, Engineering Bay  
  79  6:50  Engineering Bay  
  82  6:56  SCV  
  82  7:01  SCV x2  
  82  7:05  Barracks Reactor  
  82  7:07  Barracks  
  82  7:08  SCV  
  78  7:11  Marine x2  
  78  7:12  Siege Tank, Marine  
  78  7:13  Barracks  
  84  7:18  SCV  
  84  7:20  Supply Depot  
  84  7:21  Supply Depot  
  86  7:24  Orbital Command  
  86  7:29  Medivac x2, Marine x3  
  91  7:30  Combat Shield, SCV  
  91  7:34  Supply Depot  
  93  7:42  SCV x2, Marine x2  
  97  7:47  Siege Tank, Marine x3  
  97  7:50  SCV  
  104  7:54  Barracks Reactor, SCV x2  
  106  8:00  Marine x3  
  106  8:02  SCV  
  106  8:03  Supply Depot  
  106  8:04  Supply Depot  
  106  8:05  Marine x2  
  112  8:06  SCV x2  
  114  8:13  Marine  
  114  8:14  SCV  
  114  8:18  Marine  
  117  8:22  Supply Depot  
  117  8:24  Armory, Marine, Supply Depot, SCV x2  
  117  8:26  SCV  
  122  8:28  Marine x2  
  122  8:30  Siege Tank, Marine  
  122  8:31  Marine x2  
  122  8:33  Barracks Reactor  
  128  8:36  SCV x2, Marine  
  128  8:38  SCV  
  131  8:42  Marine  
  131  8:46  Marine x2  
  133  8:48  SCV x2  
Tags
 
Add a new tag
Caveats
  • Supply blocks, unpowered buildings, or Contaminate may cause inaccurate times.
  • Supply counts are checked every 10 seconds.